AoeStats
← seyfildur

Arabia

503746432Analyzed
1v1 RM · 1mo ago on Sep 2, 2026· 61m 1s· 2 players
Game mode
Random Map
Map size
Tiny (2 player)
Population
200
Speed
Normal
Resources
Standard
Victory
Conquest
Starting age
Dark Age
Ending age
Imperial Age
RankedLock teamsTeams togetherTeam positionsShared explorationLock speedFull tech treeHidden civsTurbo modeCheats
Victory
Defeat
🇧🇷 Khmer · Brazil
1099
+15
🇹🇷 Ethiopians · Türkiye
1072
-16
seyfildur
7:58 Loom
10:10 Feudal Age
16:21 Wheelbarrow
15:33 Double-Bit Axe
19:16 Fletching
21:19 Padded Archer Armor
23:34 Castle Age
22:07 Gold Mining
24:25 Bodkin Arrow
24:08 Crossbowman
25:06 Leather Archer Armor
25:49 Gold Shaft Mining
25:29 Bow Saw
31:31 Horse Collar
32:18 Town Watch
34:12 Ballistics
34:34 Thumb Ring
38:18 Imperial Age
39:06 Bracer
38:53 Arbalester
42:35 Stone Mining
48:49 Chemistry
48:00 Masonry
48:13 Scale Barding Armor
51:39 Two-Man Saw
53:06 Hand Cart
57:14 Stone Shaft Mining
56:41 Heavy Plow
56:14 Light Cavalry
57:22 Husbandry
57:45 Chain Barding Armor
BaCuRaL5167
6:53 Loom
9:58 Feudal Age
11:54 Double-Bit Axe
19:53 Castle Age
18:31 Horse Collar
20:10 Scale Barding Armor
20:26 Bloodlines
22:46 Husbandry
31:24 Redemption
35:24 Chain Barding Armor
35:15 Forging
41:12 Imperial Age
41:22 Wheelbarrow
41:24 Iron Casting
42:20 Cavalier
43:14 Heavy Scorpion
45:10 Gold Mining
47:32 Light Cavalry
48:45 Hand Cart
51:29 Hussar
53:18 Plate Barding Armor
Connection lost

Rejoining the realm…

Still unreachable

The connection could not be restored.

Session expired

The server has moved on; the page needs a fresh start.